Map: Corrosion EC

Players

HoldTheDoor - Winner!

  • Race: Protoss Protoss
  • League: Diamond
  • Spawn Location: 5:00

AlbToasT

  • Race: Protoss Protoss
  • League: Platinum
  • Spawn Location: 11:00

VOD

Have the link to the VOD?

Description

Time

  • Played on: July 8, 2018, 8:12 a.m.
  • Length: 7:27
Show
View Real Time Build Order
Export as new Build Order

HoldTheDoor Protoss - Winner!

Build Orders: Oracle Opening 

Get SALT Encoding   

  12  0:00  Probe  
  13  0:13  Probe  
  14  0:17  Pylon  
  14  0:25  Probe  
  15  0:34  Probe  
  15  0:36  Gateway  
  16  0:43  Probe  
  16  0:45  Assimilator  
  17  0:54  Probe  
  18  0:59  Assimilator  
  18  1:06  Probe  
  18  1:10  Gateway  
  19  1:18  Probe  
  20  1:26  Cybernetics Core  
  20  1:33  Pylon  
  20  1:37  Probe  
  21  1:49  Probe  
  22  1:54  Warp Gate  
  22  2:01  Probe  
  22  2:03  Stalker x2  
  27  2:13  Probe  
  28  2:17  Shield Battery  
  28  2:25  Probe, Pylon  
  29  2:33  Stalker  
  31  2:43  Robotics Facility  
  31  2:45  Probe  
  32  2:53  Stalker  
  32  2:57  Probe  
  35  3:08  Pylon  
  35  3:12  Probe  
  36  3:19  Stargate  
  36  3:24  Probe  
  37  3:31  Observer  
  38  3:37  Probe  
  39  3:48  Nexus  
  39  3:49  Immortal  
  39  3:55  Oracle  
  46  4:17  Pylon  
  46  4:20  Shield Battery, Probe  
  47  4:35  Probe  
  48  4:48  Void Ray  
  48  4:49  Probe  
  53  5:01  Probe  
  53  5:06  Probe  
  55  5:13  Probe  
  56  5:25  Warp Prism  
  58  5:37  Void Ray  
  58  5:40  Stalker x2  
  66  5:44  Probe x2  
  66  5:46  Assimilator  
  66  5:49  Assimilator  
  68  6:37  Zealot  
  70  6:46  Pylon  
  70  6:48  Pylon  
Show
View Real Time Build Order
Export as new Build Order

AlbToasT Protoss 

Build Orders: Forge Fast Expand (FFE) 

Get SALT Encoding   

  12  0:04  Probe  
  13  0:23  Probe  
  14  0:36  Probe  
  14  0:39  Pylon  
  15  0:59  Forge  
  15  1:07  Nexus  
  15  1:12  Probe  
  16  1:20  Probe  
  17  1:28  Pylon  
  17  1:33  Photon Cannon  
  17  1:43  Probe  
  17  1:45  Photon Cannon  
  17  1:52  Probe  
  19  2:02  Gateway  
  19  2:08  Probe, Photon Cannon  
  20  2:16  Probe  
  20  2:17  Probe  
  22  2:25  Probe x2  
  24  2:34  Probe  
  24  2:37  Probe, Pylon  
  26  2:46  Probe  
  26  2:50  Probe  
  26  2:51  Cybernetics Core  
  28  3:00  Probe  
  28  3:02  Photon Cannon  
  28  3:03  Probe  
  30  3:08  Probe  
  31  3:15  Probe  
  31  3:17  Photon Cannon  
  32  3:20  Pylon  
  32  3:22  Probe  
  33  3:33  Assimilator  
  33  3:35  Assimilator x2  
  33  3:39  Assimilator  
  33  3:49  Pylon  
  33  3:52  Pylon  
  33  4:08  Probe  
  33  4:09  Nexus, Probe  
  35  4:20  Probe  
  35  4:21  Probe, Photon Cannon  
  35  4:23  Photon Cannon  
  37  4:31  Photon Cannon  
  37  4:35  Photon Cannon  
  37  4:38  Probe x2  
  37  4:39  Photon Cannon  
  39  4:46  Probe x2  
  38  5:11  Nexus  
  32  5:25  Stargate  
  32  5:28  Stargate  
  33  5:35  Probe x2  
  33  5:36  Probe  
  35  5:47  Probe  
  35  5:48  Probe x2  
  38  5:57  Pylon  
  38  6:00  Pylon  
  38  6:10  Phoenix  
  38  6:11  Phoenix  
  38  6:15  Probe x3  
  43  6:34  Probe  
  43  6:35  Probe x2  
  46  6:47  Probe x3  
  48  6:49  Stalker, Photon Cannon  
Tags
 
Add a new tag
Caveats
  • Supply blocks, unpowered buildings, or Contaminate may cause inaccurate times.
  • Supply counts are checked every 10 seconds.